 Dungeon Crawl Stone Soup version 0.21.0-3-g78d12a8 (webtiles) character file.

2217 HungrySpirit the Cutter (level 9, -17/47 HPs)
             Began as a Vine Stalker Arcane Marksman on Jan 8, 2018.
             Was a Believer of Okawaru.
             Demolished by a death yak (19 damage)
             ... on level 8 of the Dungeon.
             The game lasted 00:18:07 (6767 turns).

HungrySpirit the Cutter (VSAM)                      Turns: 6767, Time: 00:18:08

Health: -17/47     AC:  9    Str: 12    XL:     9   Next: 35%
Magic:  0/11       EV: 16    Int: 13    God:    Okawaru [**....]
Gold:   460        SH:  2    Dex: 19    Spells: 9/10 levels left

rFire    + . .     SeeInvis .   b - +1 rapier (flame)
rCold    + . .     Gourm    .   (no shield)
rNeg     . . .     Faith    .   e - +0 robe
rPois    +         Spirit   +   (no helmet)
rElec    .         Reflect  +   r - scarf {rC+ rF+}
rCorr    .         Harm     .   h - +1 pair of gloves
MR       +....                  j - +0 pair of boots
Stlth    ++........             v - +2 amulet of reflection
HPRegen  0.55/turn              t - ring of poison resistance
MPRegen  0.12/turn              F - +4 ring of protection

@: no status effects
A: fangs 3, regeneration 1, magic shield, antimagic bite, no potion heal 3, rot
immunity
a: Heroism, Renounce Religion


You were on level 8 of the Dungeon.
You worshipped Okawaru.
Okawaru was pleased with you.
You were not hungry.

You visited 2 branches of the dungeon, and saw 9 of its levels.

You collected 460 gold pieces.

Inventory:

Hand Weapons
 a - a +0 hand crossbow
 b - a +1 rapier of flaming (weapon)
 y - a +0 falchion
Missiles
 d - 36 bolts
Armour
 e - a +0 robe (worn)
 h - a +1 pair of gloves (worn)
 j - a +0 pair of boots (worn)
 r - a scarf of resistance (worn)
Jewellery
 t - a ring of poison resistance (left hand)
 v - a +2 amulet of reflection (around neck)
 x - an uncursed ring of see invisible
 z - an uncursed amulet of regeneration {unknown}
 B - an uncursed ring of magical power
 F - a +4 ring of protection (right hand)
 H - an uncursed ring of protection from magic
Wands
 I - a wand of enslavement (16)
Scrolls
 g - 4 scrolls of remove curse {unknown}
 i - 4 scrolls of teleportation
 l - 2 scrolls of magic mapping {unknown}
 m - a scroll of noise {unknown}
 n - 4 scrolls of enchant armour {unknown}
 o - 3 scrolls of blinking {unknown}
 q - a scroll of amnesia {unknown}
 u - a scroll of enchant weapon {unknown}
 w - 3 scrolls of fear {unknown}
 D - 2 scrolls of identify
 J - a scroll of random uselessness {unknown}
Potions
 k - a potion of lignification
 p - a potion of flight
 s - 2 potions of resistance
 A - 2 potions of invisibility {unknown}
 C - a potion of curing
 G - a potion of mutation {unknown}
Books
 c - a book of Debilitation

   Spells                             Type                      Level
   a - Corona                         Hexes                        1
   b - Slow                           Hexes                        2
   c - Inner Flame                    Hexes/Fire                   3
   d - Portal Projectile              Hexes/Translocation          3
   e - Cause Fear                     Hexes                        4
   f - Leda's Liquefaction            Hexes/Earth                  4
Comestibles
 f - 9 rations
 E - 3 chunks of flesh


   Skills:
 + Level 5.5 Fighting
 - Level 6.8(7.2) Short Blades
 * Level 3.4(5.5) Long Blades
 - Level 1.7 Crossbows
 + Level 5.2 Dodging
 - Level 1.1 Spellcasting
 - Level 3.0 Hexes


You had 9 spell levels left.
You knew the following spells:

 Your Spells              Type           Power        Failure   Level  Hunger
a - Corona                Hex            #......      9%          1    ##.....


Dungeon Overview and Level Annotations

Branches:
Dungeon (8/15)             Temple (1/1) D:5            Lair (0/6) D:8

Altars:
Ashenzari
Cheibriados
Dithmenos
Elyvilon
Fedhas
Gozag
Hepliaklqana
Kikubaaqudgha
Makhleb
Nemelex Xobeh
Okawaru
Qazlal
Ru
Sif Muna
Trog
Uskayaw
Vehumet
Wu Jian
Xom
Zin
The Shining One

Annotations:
D:5 Edmund


Innate Abilities, Weirdness & Mutations

You have razor-sharp teeth.
Your natural rate of healing is unusually fast.
When hurt, damage is shared between your health and your magic reserves.
Your bite disrupts and absorbs the magic of your enemies.
Potions cannot restore your health.
You are immune to rotting.


Message History

The death yak is moderately wounded.
You hit the death yak. You burn the death yak.
You bite the death yak, but do no damage.
The death yak is moderately wounded.
The death yak gores you!!
You hit the death yak but do no damage.
You bite the death yak, but do no damage.
The death yak is moderately wounded.
The death yak gores you!!
* * * LOW HITPOINT WARNING * * *
The two-headed ogre hits you but does no damage.
The two-headed ogre hits you with a giant spiked club!!
* * * LOW HITPOINT WARNING * * *
You hit the two-headed ogre. You burn the two-headed ogre.
You bite the two-headed ogre. You drain its power.
You feel invigorated.
The two-headed ogre is almost dead.
Okay, then.
Okay, then.
The death yak gores you!!
You die...

#. #.#+ # #...
.##..##################
.......................
#.>..@O..............
.####....Y.......#....###
.......$.Y######.#.##.#
#.......Y......<..# ..
#....!.†.######.#......#
#..#....?.#####.#.#..##
.......†.....YY.#.# ...
.....>......####.#.# ##
##### ............# #.#


You could see a death yak, a two-headed ogre and 2 yaks.

Vanquished Creatures
  The ghost of Agrougrou the Insei, a novice OpTm of Makhleb (D:6)
  Sigmund (D:4)
  An ice beast (D:7)
  An orc warrior (D:7)
  3 phantoms
  3 ogres
  A centaur (D:7)
  A bullfrog (D:8)
  A scorpion (D:5)
  A bullfrog zombie (D:5)
  A crimson imp (D:5)
  4 orc priests
  Crazy Yiuf (D:6)
  2 jellies (D:7)
  4 orc wizards
  A centaur skeleton (D:5)
  Terence (D:2)
  4 worker ants
  A worker ant zombie (D:3)
  Robin (D:3)
  7 adders
  2 oozes
  2 adder skeletons
  3 worms
  A dart slug (D:3)
  4 leopard geckos
  23 orcs
  21 giant cockroaches
  12 hobgoblins
  2 jackals (D:3)
  3 quokkas
  A ball python zombie (D:5)
  8 bats
  3 frilled lizards
  16 goblins
  18 kobolds
  9 rats
169 creatures vanquished.

Vanquished Creatures (collateral kills)
  2 yaks (D:8)
2 creatures vanquished.

Grand Total: 171 creatures vanquished

Notes
Turn   | Place    | Note
-------+----------+-------------------------------------------
     0 | D:1      | HungrySpirit the Vine Stalker Arcane Marksman began the quest for the Orb.
     0 | D:1      | Reached XP level 1. HP: 9/9 MP: 3/3
     4 | D:1      | Reached skill level 1 in Fighting
   156 | D:1      | Reached XP level 2. HP: 14/14 MP: 4/4
   357 | D:1      | Reached skill level 1 in Short Blades
   828 | D:2      | Reached XP level 3. HP: 18/18 MP: 5/5
   912 | D:2      | Noticed Terence
   921 | D:2      | Killed Terence
   921 | D:2      | Reached skill level 2 in Short Blades
   921 | D:2      | Gained mutation: Your natural rate of healing is unusually fast. [Vine Stalker growth]
   921 | D:2      | Reached XP level 4. HP: 20/23 MP: 4/6
  1288 | D:3      | Reached XP level 5. HP: 26/26 MP: 7/7
  1487 | D:3      | Reached skill level 3 in Short Blades
  1850 | D:3      | Found a glowing silver altar of Zin.
  2078 | D:4      | Noticed Robin
  2156 | D:4      | Noticed an ogre
  2207 | D:3      | Killed Robin
  2296 | D:4      | Found a blossoming altar of Fedhas.
  2447 | D:4      | Reached XP level 6. HP: 32/32 MP: 8/8
  2727 | D:4      | Reached skill level 4 in Short Blades
  2781 | D:4      | Noticed Sigmund
  2789 | D:4      | Killed Sigmund
  2789 | D:4      | Reached XP level 7. HP: 24/36 MP: 4/9
  2924 | D:5      | Entered Level 5 of the Dungeon
  2935 | D:5      | Noticed Edmund
  3304 | D:5      | Reached skill level 5 in Short Blades
  3869 | D:5      | Gained mutation: You have razor-sharp teeth. [Vine Stalker growth]
  3869 | D:5      | Reached XP level 8. HP: 42/42 MP: 10/10
  3980 | D:5      | Found a staircase to the Ecumenical Temple.
  4082 | Temple   | Entered the Ecumenical Temple
  4601 | D:6      | Found an iron altar of Okawaru.
  4618 | D:6      | Became a worshipper of Warmaster Okawaru
  4843 | D:6      | Noticed Agrougrou's ghost (novice OpTm)
  4862 | D:6      | Killed Agrougrou's ghost
  4862 | D:6      | Reached skill level 6 in Short Blades
  5126 | D:6      | Found a runed door.
  5130 | D:6      | Noticed Crazy Yiuf
  5141 | D:6      | Killed Crazy Yiuf
  5585 | D:7      | Reached * piety under Okawaru
  5725 | D:7      | Reached skill level 5 in Fighting
  5725 | D:7      | Reached skill level 1 in Long Blades
  5751 | D:7      | Reached XP level 9. HP: 38/47 MP: 8/11
  6030 | D:7      | Reached skill level 5 in Dodging
  6206 | D:7      | Found a shattered altar of Ashenzari.
  6206 | D:7      | Found a sparkling altar of Nemelex Xobeh.
  6625 | D:8      | Found a hazy altar of Hepliaklqana.
  6630 | D:8      | Noticed a death yak
  6698 | D:8      | Noticed a two-headed ogre
  6709 | D:8      | Found a staircase to the Lair.
  6712 | D:8      | Noticed a death yak
  6713 | D:8      | Noticed a death yak
  6724 | D:8      | Reached ** piety under Okawaru
  6765 | D:8      | HP: 1/47 [two-headed ogre/giant club (17)]
  6767 | D:8      | Demolished by a death yak

Skill      XL: |  1  2  3  4  5  6  7  8  9 |
---------------+----------------------------+-----
Fighting       | 1 2 3 4 5 |  5.5
Short Blades   | 1 2 3 4 5 6 |  6.8
Dodging        | 2 3 4 5 |  5.2
Long Blades    | 1 3 |  3.4
Crossbows      | |  1.7
Spellcasting   | |  1.1
Hexes          | |  3.0

Action                   |  1- 3 |  4- 6 |  7- 9 || total
-------------------------+-------+-------+-------++-------
Melee: Dagger            |       |   147 |       ||   147
       Bite              |       |    54 |    93 ||   147
       Short sword       |       |    34 |    90 ||   124
       Rapier            |       |       |   201 ||   201
       Punch             |       |       |     1 ||     1
 Fire: Hand crossbow     |    76 |   114 |    14 ||   204
Invok: Heroism           |       |       |     1 ||     1
Evoke: Wand              |       |       |     1 ||     1
  Use: Scroll            |       |       |     6 ||     6
 Stab: Distracted        |       |       |     1 ||     1
  Eat: Chunk             |       |     6 |    13 ||    19
Armor: Robe              |     5 |    73 |    43 ||   121
Dodge: Dodged            |    13 |   153 |   159 ||   325
Block: Other             |       |       |    12 ||    12
